 Dungeon Crawl Stone Soup version 0.27.1-33-g824d729ab1 (webtiles) character file.

Game seed: 5747516636606878105

3613 MisterFreud the Nimble (level 9, -13/61 HPs)
             Began as a Felid Berserker on Dec 22, 2021.
             Was an Elder of Trog.
             Shot with a bolt by a yaktaur (40 damage)
             ... on level 12 of the Dungeon.
             The game lasted 00:18:37 (15882 turns).

MisterFreud the Nimble (Felid Berserker)           Turns: 15882, Time: 00:18:38

Health: -13/61     AC:  2    Str: 13    XL:     9   Next: 86%
Magic:  10/10      EV: 28    Int: 10    God:    Trog [****..]
Gold:   103        SH:  0    Dex: 18    Spells: 8/8 levels left
                                        Lives:  0   Deaths: 3

rFire    + . .     SeeInvis +     - Unarmed
rCold    . . .     Faith    .   (shield unavailable)
rNeg     . . .     Spirit   .   (armour unavailable)
rPois    +         Reflect  .   (helmet unavailable)
rElec    .         Harm     .   (cloak unavailable)
rCorr    .         Rampage  .   (gloves unavailable)
Will     +....                  (boots unavailable)
Stlth    ..........             g - amulet of the acrobat
HPRegen  0.20/turn              i - ring of protection from fire
MPRegen  0.12/turn              f - ring of poison resistance

@: berserking, very quick
A: very small, claws 1, fangs 3, see invisible, speed 1, shaggy fur 2, stealthy
paws, no weapons or thrown items, no armour, multi-lived
a: Renounce Religion, Berserk, Trog's Hand, Brothers in Arms


You were on level 12 of the Dungeon.
You worshipped Trog.
Trog was greatly pleased with you.
You visited 1 branch of the dungeon, and saw 12 of its levels.

You collected 465 gold pieces.
You spent 362 gold pieces at shops.

Inventory:

Jewellery
 c - a ring of positive energy
 f - a ring of poison resistance (right paw)
 g - an amulet of the acrobat (around neck)
 i - a ring of protection from fire (left paw)
 p - a ring of flight
 q - a ring of protection from cold
 y - a +6 ring of dexterity
 A - a ring of protection from fire
Wands
 z - a wand of flame (38)
 B - a wand of mindburst (3)
 D - a wand of iceblast (27)
 H - a wand of digging (6)
 I - a wand of charming (4)
Scrolls
 b - 3 scrolls of teleportation
 d - a scroll of blinking {unknown}
 e - 3 scrolls of noise {unknown}
 j - 3 scrolls of fear {unknown}
 k - 2 scrolls of enchant weapon {unknown}
 l - a scroll of torment {unknown}
 o - 4 scrolls of amnesia {unknown}
 r - a scroll of brand weapon {unknown}
 s - 3 scrolls of magic mapping {unknown}
 t - a scroll of holy word {unknown}
 u - 3 scrolls of immolation {unknown}
 x - 6 scrolls of fog {unknown}
 C - 2 scrolls of acquirement {unknown}
 E - 2 scrolls of identify
Potions
 a - 2 potions of might
 h - 4 potions of magic
 m - a potion of lignification
 n - 2 potions of haste
 v - 3 potions of curing
 w - a potion of heal wounds
 F - a potion of invisibility {unknown}
 G - 3 potions of flight {unknown}


   Skills:
 - Level 6.0 Fighting
 - Level 14.0 Dodging
 - Level 10.0 Stealth
 - Level 10.0 Unarmed Combat
 + Level 9.0 Evocations


You had 8 spell levels left.
You didn't know any spells.
Your spell library was empty.

Dungeon Overview and Level Annotations

Branches:
Dungeon (12/15)            Temple (0/1) D:6            Lair (0/6) D:9
    Orc (0/2) D:10

Altars:
Uskayaw
Zin
The Shining One

Shops:
D:9 *   D:11 *   D:12 *

Annotations:
D:8 Maggie


Innate Abilities, Weirdness & Mutations

You have sharp claws.
You have razor-sharp teeth.
You have supernaturally acute eyesight. (SInv)
You cover ground quickly. (Speed+)
You are covered in thick fur. (AC +2)
Your paws help you pounce on unaware monsters.
You are incapable of wielding weapons or throwing items.
You cannot wear armour.
You gain extra lives every three experience levels.


Message History

A slime creature is nearby!
A slime creature is nearby!
A slime creature is nearby!
You catch the helpless slime creature completely off-guard!
You mangle the slime creature!!
The slime creature quivers.
You claw the slime creature.
The slime creature is severely wounded.
The slime creature misses you.
A red film seems to cover your vision as you go berserk!
You feel yourself moving faster!
You feel mighty! The slime creature hits you!!
You claw the slime creature!
The slime creature is almost dead.
The slime creature closely misses you.
You claw the slime creature!
You kill the slime creature!
Trog accepts your kill. The slime creature barely misses you.
Your Evocations skill increases to level 9!
You barely miss the slime creature. You mangle the slime creature!!
You bite the slime creature.
The slime creature is moderately wounded.
The slime creature hits you!
You are too injured to fight recklessly!
You are too injured to fight recklessly!
You are too injured to fight recklessly!
You claw the slime creature!
The slime creature is heavily wounded.
You barely miss the slime creature. You claw the slime creature!!
You bite the slime creature.
The slime creature is almost dead.
The slime creature completely misses you.
The slime creature hits you but does no damage.
The yaktaur shouts!
You claw the slime creature!
You kill the slime creature!
Trog accepts your kill.
The yaktaur shoots a bolt.
The bolt hits you!!!
Ouch! That really hurt!
You die...

#.............# #)##.....
#.#####...>c..#..#
#.###..## #......##..## #.#
#..# ##.#...##...# #.# #..#
#.##.###...###.###..#
#.##.###............#
##.##...........####.#
...##..................(.#
#.......J@.........####.#
#?.(##.....###...##...# #<#
##..........##....#...###.#
#..........##....#.......#
#..........###.#.###.###.#
...##...#.## #.#.# #.###.##
..........# #.#.# #.##....
.. ##...... ....###.##..##
..........


You could see a slime creature and a yaktaur.

Vanquished Creatures
  Erica (D:8)
  3 two-headed ogres
  Pikel (D:8)
  A cyclops (D:11)
  Joseph (D:7)
  Maurice (D:8)
  A gargoyle (D:11)
  A kobold demonologist (D:7)
  An unseen horror (D:12)
  3 trolls (D:11)
  A hornet (D:9)
  2 slime creatures (D:12)
  4 vampires
  A yak (D:9)
  4 wyverns
  Eustachio (D:5)
  A steam dragon (D:10)
  A basilisk (D:9)
  3 vampire mosquitoes (D:11)
  A water moccasin (D:9)
  Duvessa (D:6)
  6 orc warriors
  4 sky beasts
  A black bear (D:9)
  3 ogres
  3 necrophages
  5 centaurs
  A kobold brigand (D:9)
  2 bullfrogs (D:8)
  3 water moccasin zombies
  A scorpion (D:7)
  Dowan (D:6)
  A water moccasin skeleton (D:5)
  7 wights
  2 electric eels (D:10)
  A howler monkey (D:8)
  A centaur zombie (D:8)
  4 centaur skeletons
  3 hounds
  A jelly (D:7)
  A bullfrog skeleton (D:4)
  5 orc priests
  2 iguanas
  6 orc wizards
  A hound skeleton (D:4)
  2 howler monkey zombies
  8 gnolls
  A howler monkey skeleton (D:6)
  8 adders
  2 shadow imps
  4 white imps
  An ufetubus (D:5)
  3 worms
  2 dart slugs
  32 orcs
  7 endoplasms
  2 giant cockroaches (D:1)
  12 goblins
  11 hobgoblins
  4 jackals (D:1)
  4 quokkas
  12 ball pythons
  3 bats
  3 frilled lizards
  9 kobolds
  6 rats
235 creatures vanquished.

Vanquished Creatures (collateral kills)
  A vampire mosquito (D:11)
  2 centaurs (D:11)
  A lemure (D:8)
  3 howler monkeys
7 creatures vanquished.

Vanquished Creatures (others)
  2 plants
2 creatures vanquished.

Grand Total: 244 creatures vanquished

Notes
Turn   | Place    | Note
-------+----------+-------------------------------------------
     0 | D:1      | MisterFreud the Felid Berserker began the quest for the
                  | Orb.
     0 | D:1      | Reached XP level 1. HP: 10/10 MP: 2/2
    34 | D:1      | Reached skill level 1 in Stealth
    46 | D:1      | Reached XP level 2. HP: 7/14 MP: 3/3
   813 | D:1      | Reached XP level 3. HP: 11/17 MP: 4/4
  1256 | D:1      | Found a faded altar of an unknown god.
  1263 | D:1      | Reached ** piety under Trog
  1550 | D:2      | Found a glowing golden altar of the Shining One.
  2426 | D:2      | Reached XP level 4. HP: 21/21 MP: 5/5
  3735 | D:3      | Reached XP level 5. HP: 24/24 MP: 6/6
  3794 | D:3      | Noticed a necrophage
  3821 | D:3      | Killed a necrophage
  3822 | D:3      | Reached skill level 5 in Stealth
  3822 | D:3      | Reached skill level 5 in Unarmed Combat
  4258 | D:3      | Gained mutation: You are covered in thick fur. (AC +2)
                  | [Felid growth]
  4258 | D:3      | Reached XP level 6. HP: 28/28 MP: 7/7
  4625 | D:4      | Reached *** piety under Trog
  5189 | D:4      | Reached skill level 5 in Dodging
  5301 | D:4      | Reached XP level 7. HP: 31/31 MP: 8/8
  5480 | D:4      | Reached skill level 6 in Dodging
  5740 | D:5      | Entered Level 5 of the Dungeon
  5944 | D:5      | Reached skill level 7 in Dodging
  6064 | D:5      | Reached skill level 8 in Dodging
  6421 | D:6      | Reached skill level 9 in Dodging
  6425 | D:6      | Reached XP level 8. HP: 28/34 MP: 9/9
  6736 | D:6      | Reached skill level 10 in Dodging
  6923 | D:6      | Found a staircase to the Ecumenical Temple.
  7108 | D:6      | Noticed Dowan
  7109 | D:6      | Noticed Duvessa
  7110 | D:6      | Noticed Eustachio
  7151 | D:5      | Killed Eustachio
  7445 | D:6      | Killed Dowan
  7652 | D:6      | Killed Duvessa
  7653 | D:6      | Reached skill level 5 in Fighting
  7918 | D:7      | Noticed Joseph
  8170 | D:7      | Noticed a kobold demonologist
  8186 | D:7      | Killed a kobold demonologist
  8187 | D:7      | Reached XP level 9. HP: 41/41 MP: 10/10
  8782 | D:7      | Reached **** piety under Trog
  8985 | D:7      | HP: 1/61 [Joseph (15)]
  8987 | D:7      | Killed Joseph
  9683 | D:7      | Reached skill level 11 in Dodging
 10193 | D:8      | Noticed Erica
 10194 | D:8      | Noticed Maggie
 10196 | D:8      | Noticed Pikel
 10204 | D:8      | Killed from afar by Maggie
 10205 | D:8      | Reached XP level 8. HP: 0/38 MP: 9/9
 10263 | D:8      | Killed Pikel
 10429 | D:8      | Reached XP level 9. HP: 38/41 MP: 10/10
 10459 | D:8      | Noticed Maurice
 10471 | D:8      | Killed Maurice
 10534 | D:8      | Killed Erica
 10748 | D:8      | Found a hide-covered altar of Uskayaw.
 11036 | D:9      | Noticed a two-headed ogre
 11054 | D:9      | Reached skill level 12 in Dodging
 11064 | D:9      | Killed a two-headed ogre
 11065 | D:9      | Reached skill level 10 in Stealth
 11065 | D:9      | Reached XP level 10. HP: 45/45 MP: 11/11
 11163 | D:9      | Found a staircase to the Lair.
 11267 | D:9      | Reached skill level 5 in Evocations
 12108 | D:9      | Found Zecloal's Assorted Antiques.
 12112 | D:9      | Bought a runed bone wand for 108 gold pieces
 12112 | D:9      | Bought a scroll labelled PYNO ACANI for 27 gold pieces
 12443 | D:10     | Entered Level 10 of the Dungeon
 12748 | D:10     | Reached ***** piety under Trog
 12842 | D:10     | Reached skill level 13 in Dodging
 13163 | D:10     | HP: 1/67 [vampire/vampiric draining (16)]
 13756 | D:10     | Found a staircase to the Orcish Mines.
 14237 | D:11     | Noticed a two-headed ogre
 14247 | D:11     | Killed a two-headed ogre
 14252 | D:11     | Reached XP level 11. HP: 31/48 MP: 12/12
 14261 | D:11     | Shot with an arrow by a centaur
 14262 | D:11     | Reached XP level 10. HP: -5/67 MP: 11/11
 14289 | D:11     | Found Zin's Purification Station.
 14292 | D:11     | Found a glowing silver altar of Zin.
 14315 | D:11     | Noticed a gargoyle
 14327 | D:11     | Killed a gargoyle
 14328 | D:11     | Reached skill level 10 in Unarmed Combat
 14693 | D:11     | Noticed a two-headed ogre
 14704 | D:11     | Killed a two-headed ogre
 14751 | D:11     | Noticed a cyclops
 14764 | D:11     | Killed a cyclops
 14765 | D:11     | Reached skill level 14 in Dodging
 15385 | D:12     | Noticed a brown ugly thing
 15416 | D:11     | Splashed by a brown ugly thing's acid
 15417 | D:11     | Reached XP level 9. HP: -4/41 MP: 10/10
 15786 | D:12     | Found Ledwo's Assorted Antiques.
 15791 | D:12     | Bought a scroll labelled QOGGYINUUQ for 33 gold pieces
 15791 | D:12     | Bought a fuming pink potion for 29 gold pieces
 15791 | D:12     | Bought a scroll labelled YZXULAILISCH for 33 gold pieces
 15791 | D:12     | Bought a glass wand for 132 gold pieces
 15882 | D:12     | Shot with a bolt by a yaktaur

Illustrated notes

Levels and vault maps discovered:
D:1:      sevenhm_arrival_forest_fort_small_3, layout_loops_cross,
          hellmonk_ecumenical_altar_dog_temple, minmay_pentomino_w4
D:2:      layout_basic, basic_altar
D:3:      layout_basic, minmay_randomly_rotated_circles
D:4:      layout_basic
D:5:      layout_basic
D:6:      layout_loops_ring, minmay_temple_entry_glassed_door,
          hangedman_decor_push, uniq_eustachio, uniq_duvessa
D:7:      layout_cave_pods, enter_bailey_7, hangedman_abyss_or_decor_passed,
          uniq_joseph
D:8:      layout_rooms, nicolae_uskayaw_murder_on_the_dancefloor, uniq_pikel,
          uniq_maggie, uniq_maurice, uniq_erica
D:9:      layout_basic, david_lair_generic, serial_shops, shop,
          kennysheep_generic_room_3
D:10:     layout_roguey, erik_orc_2
D:11:     layout_small_grid, hangedman_abyss_or_decor_jellyfish_corner,
          zin_purify
D:12:     layout_loops_ring, serial_shops, kennysheep_little_box

Skill      XL: |  1  2  3  4  5  6  7  8  9 10 |
---------------+-------------------------------+-----
Stealth        | 1 2 3 4 5 6 9 10 | 10.0
Unarmed Combat | 4 5 6 8 10 | 10.0
Dodging        | 5 9 10 12 14 | 14.0
Fighting       | 6 |  6.0
Evocations     | 2 9 8 |  9.0

Action                   |  1- 3 |  4- 6 |  7- 9 | 10-12 || total
-------------------------+-------+-------+-------+-------++-------
Melee: Unarmed           |   111 |   134 |   343 |   278 ||   866
       Bite              |     9 |    14 |    44 |    30 ||    97
       Punch             |       |     3 |    21 |    17 ||    41
Invok: Berserk           |     3 |     5 |    22 |    18 ||    48
       Trog's Hand       |       |       |     2 |     1 ||     3
       Brothers in Arms  |       |       |     1 |     1 ||     2
Evoke: Wand              |       |       |       |     2 ||     2
  Use: Scroll            |       |       |     5 |     2 ||     7
 Stab: Sleeping          |     6 |    14 |     7 |     2 ||    29
       Distracted        |     1 |       |     3 |     5 ||     9
Armor: Skin              |     4 |     6 |    23 |    15 ||    48
Dodge: Dodged            |    79 |    99 |   272 |   410 ||   860
